Stars vs Kings

Created - 10 février 2024 at 08:48

Goals
1 2 3 T
Stars 1 1 1 3
Kings 0 0 1 1
Shots
1 2 3 T
Stars 15 12 16 43
Kings 18 7 10 35

GoalsPenalties
1st period
1. Stars , Jamie Benn 33 (Conor Sheary 29) at 15:46 (PP)
Gabriel Vilardi (LOS) for Goalie Interference (Minor) at 15:08
2nd period
2. Stars , Conor Sheary 22 (Jamie Benn 37, Joe Pavelski 35) at 2:06 (PP)
Matt Dumba (LOS) for Hooking (Minor) at 1:54
Cal Foote (LOS) for Hooking (Minor) at 4:44
Haydn Fleury (LOS) for Hooking (Minor) at 10:21
3rd period
3. Kings , Colin Blackwell 4 (Philip Tomasino 16, Jordan Oesterle 6) at 9:02
4. Stars , Conor Sheary 23 (Jordan Staal 36, Jordan Martinook 19) at 9:58
Cal Foote (LOS) for Delaying the game (Minor) at 2:20
Cal Foote (LOS) for Tripping (Minor) at 6:06
Tom Wilson (LOS) for Fighting (Major) at 10:37
Jordan Martinook (DAL) for Fighting (Major) at 10:37
Tom Wilson (LOS) for Roughing (Minor) at 17:41
Goalie Stats
Philipp Grubauer (DAL), 34 saves from 35 shots - (0,971), W, 28-23-10, 60:00 minutes
Ville Husso (LOS), 40 saves from 43 shots - (0,930), L, 19-23-7, 60:00 minutes
3 StarsOfficial
1 - Conor Sheary (DAL)
2 - Philipp Grubauer (DAL)
3 - Jamie Benn (DAL)
Referees : Chris Rooney and Chris Lee
Linesman : Diana Mokhova and Nikoleta Celarova
Game Note
Tom Wilson beats up Jordan Martinook at 10:37 of 3rd period
Finance
Level 1 -- Attendance: 4778 (76%) -- Ticket Income $444,354
Level 2 -- Attendance: 5372 (99%) -- Ticket Income $263,228
Level 3 -- Attendance: 3575 (76%) -- Ticket Income $96,525
Level 4 -- Attendance: 4164 (91%) -- Ticket Income $62,460
Luxury Box -- Attendance: 1014 (92%) -- Ticket Income $191,646
Game was played at the Staples Center.
Total Attendance: 18903 (85%)
Total Ticket Income: $1,058,213
Other Income: $317,464
Total Income: $1,375,677



Team Name Goals Shots Shots Attemp Shots Blocked PIM HIT PP PK FO%
Stars 34377105212 / 7 (29%)064%
Kings 135571519210 / 0 (0%236%

Stars
Player Name POS G A P +/- PIM HIT SHT SB MP PP MP PP SHT PK MP PK SHT FO% FOT GA TA
Calle JarnkrokLW/RW0000024022:434:0700:0000% 200
Conor ShearyLW/RW2131005020:376:0920:00067% 300
Dmitry KulikovD000-1002013:470:0000:0000% 000
Evgenii DadonovLW/RW000-1003312:450:2600:000100% 101
Jamie BennC/LW1120068021:465:4340:00074% 2300
Jaycob MegnaD000-1000013:470:0000:0000% 002
Joe PavelskiC/RW0110009021:465:4360:000100% 101
Joel ArmiaLW/RW000001006:530:0000:0000% 000
Jordan MartinookLW/RW0111533016:190:0000:0000% 210
Jordan StaalC/LW0111021019:174:3600:00063% 2710
Kris LetangD0001023324:075:3300:0000% 011
Mark GiordanoD0001001124:075:3310:0000% 011
Nick BjugstadC/RW0000022016:334:3600:00067% 311
Nick BoninoC/LW000-1001213:080:2900:0000% 000
Ryan SuterD0000000122:065:1200:0000% 000
Shayne GostisbehereD0000011022:065:1200:0000% 000
Tyler PitlickRW000000000:000:0000:0000% 000
Tyson JostC000-102008:120:2600:00050% 400
Kings
Player Name POS G A P +/- PIM HIT SHT SB MP PP MP PP SHT PK MP PK SHT FO% FOT GA TA
Anthony DuclairLW/RW0000011218:490:0002:4900% 320
Cal FooteD000-1631320:010:0002:1500% 000
Colin BlackwellC/RW1010024010:000:0000:07040% 500
Derek StepanC/RW0000013118:540:0000:56050% 200
Gabriel VilardiC/RW0000212119:030:0003:20050% 1610
Haydn FleuryD000020018:480:0000:1000% 000
Ilya MikheyevLW/RW0000003023:170:0006:22050% 221
Jordan OesterleD0111000011:020:0002:2400% 001
Josh MahuraD0000002221:150:0004:2700% 000
Jujhar KhairaC/LW000000206:290:0000:0000% 000
Liam O'BrienLW0000010011:280:0001:3400% 100
Matt DumbaD0000232130:090:0006:0600% 000
Philip TomasinoLW/RW011000509:530:0000:0000% 010
Robby FabbriC/LW000000306:390:0000:000100% 200
Ryan DonatoC/LW0000043123:170:0006:22030% 3301
Sean DurziD0000021329:560:0006:0800% 012
Tom WilsonRW0000723013:380:0000:0000% 100
Vinnie HinostrozaLW/RW000001006:290:0000:0000% 100

Stars

5 vs 5 Forward
Line #Left WingCenterRight WingPHYDFOFWanted %Time %Time Play
1Calle JarnkrokJamie BennJoe Pavelski1223633%16:21
2Conor ShearyJordan StaalJordan Martinook1223430%14:41
3Evgenii DadonovNick BjugstadNick Bonino1402524%11:37
4Jordan MartinookTyson JostJoel Armia140513%6:36
5 vs 5 Defense
Line #DefenseDefensePHYDFOFWanted %Time %Time Play
1Kris LetangMark Giordano0413838%18:34
2Shayne GostisbehereRyan Suter1403534%16:54
3Dmitry KulikovJaycob Megna1402728%13:47
4Kris LetangMark Giordano14000%0:00
Power Play Forward
Line #Left WingCenterRight WingPHYDFOFWanted %Time %Time Play
1Conor ShearyJamie BennJoe Pavelski0145557%6:09
2Calle JarnkrokJordan StaalNick Bjugstad0144543%4:36
Power Play Defense
Line #DefenseDefensePHYDFOFWanted %Time %Time Play
1Kris LetangMark Giordano1225052%5:33
2Shayne GostisbehereRyan Suter1225048%5:12
Penalty Kill 4 Players Forward
Line #CenterWingPHYDFOFWanted %Time %Time Play
1Jordan StaalJordan Martinook140550%0:00
2Nick BjugstadNick Bonino140450%0:00
Penalty Kill 4 Players Defense
Line #DefenseDefensePHYDFOFWanted %Time %Time Play
1Kris LetangMark Giordano140500%0:00
2Shayne GostisbehereRyan Suter140500%0:00
Penalty Kill 3 Players
Line #WingPHYDFOFWanted %Time %Time PlayDefenseDefensePHYDFOFWanted %Time %Time Play
1Jordan Staal050550%0:00 Kris LetangMark Giordano140500%0:00
2Nick Bonino050450%0:00 Shayne GostisbehereRyan Suter140500%0:00
4 vs 4 Forward
Line #CenterWingPHYDFOFWanted %Time %Time Play
1Jamie BennJoe Pavelski122500%0:00
2Jordan StaalCalle Jarnkrok122500%0:00
4 vs 4 Defense
Line #DefensePHYDFOFWanted %Time %Time Play
1Kris LetangMark Giordano131550%0:00
2Shayne GostisbehereRyan Suter131450%0:00
Last Minutes Offensive
Left WingCenterRight WingDefenseDefense
Conor ShearyJamie BennJoe PavelskiKris LetangMark Giordano
Last Minutes Defensive
Left WingCenterRight WingDefenseDefense
Conor ShearyJamie BennJoe PavelskiKris LetangMark Giordano
Time
Total ForwardTotal DefenseLast Minutes OffensiveLast Minutes Defensive
60:00 60:00 0:000:00
Extra Forwards
Normal PowerPlayPenalty Kill
Calle Jarnkrok, Nick Bjugstad, Evgenii DadonovCalle Jarnkrok, Nick BjugstadCalle Jarnkrok
Extra Defensemen
Normal PowerPlayPenalty Kill
Ryan Suter, Dmitry Kulikov, Jaycob MegnaRyan Suter, Ryan SuterDmitry Kulikov
Penalty Shots
Jamie Benn, Joe Pavelski, Jordan Staal, Shayne Gostisbehere, Kris Letang
Goalie
Philipp Grubauer, Thomas Greiss
Scratches
None

Kings

5 vs 5 Forward
Line #Left WingCenterRight WingPHYDFOFWanted %Time %Time Play
1Ilya MikheyevRyan DonatoTom Wilson1134535%17:09
2Anthony DuclairGabriel VilardiDerek Stepan1133332%15:44
3Liam O'BrienColin BlackwellPhilip Tomasino1131820%9:53
4Jujhar KhairaRobby FabbriVinnie Hinostroza230413%6:29
5 vs 5 Defense
Line #DefenseDefensePHYDFOFWanted %Time %Time Play
1Matt DumbaSean Durzi1135346%22:38
2Josh MahuraCal Foote1313236%17:46
3Jordan OesterleHaydn Fleury140816%7:41
4Matt DumbaSean Durzi10472%1:10
Power Play Forward
Line #Left WingCenterRight WingPHYDFOFWanted %Time %Time Play
1Ilya MikheyevRyan DonatoTom Wilson104670%0:00
2Anthony DuclairGabriel VilardiDerek Stepan113330%0:00
Power Play Defense
Line #DefenseDefensePHYDFOFWanted %Time %Time Play
1Matt DumbaSean Durzi113630%0:00
2Josh MahuraCal Foote122370%0:00
Penalty Kill 4 Players Forward
Line #CenterWingPHYDFOFWanted %Time %Time Play
1Ryan DonatoIlya Mikheyev1226074%7:56
2Gabriel VilardiAnthony Duclair1224026%2:49
Penalty Kill 4 Players Defense
Line #DefenseDefensePHYDFOFWanted %Time %Time Play
1Matt DumbaSean Durzi1226057%6:08
2Josh MahuraCal Foote1224043%4:37
Penalty Kill 3 Players
Line #WingPHYDFOFWanted %Time %Time PlayDefenseDefensePHYDFOFWanted %Time %Time Play
1Ryan Donato131570%0:00 Matt DumbaSean Durzi122600%0:00
2Gabriel Vilardi131430%0:00 Josh MahuraCal Foote122400%0:00
4 vs 4 Forward
Line #CenterWingPHYDFOFWanted %Time %Time Play
1Ryan DonatoIlya Mikheyev122600%0:00
2Gabriel VilardiAnthony Duclair122400%0:00
4 vs 4 Defense
Line #DefensePHYDFOFWanted %Time %Time Play
1Matt DumbaSean Durzi122600%0:00
2Josh MahuraCal Foote122400%0:00
Last Minutes Offensive
Left WingCenterRight WingDefenseDefense
Ilya MikheyevRyan DonatoTom WilsonMatt DumbaSean Durzi
Last Minutes Defensive
Left WingCenterRight WingDefenseDefense
Ilya MikheyevRyan DonatoTom WilsonMatt DumbaSean Durzi
Time
Total ForwardTotal DefenseLast Minutes OffensiveLast Minutes Defensive
60:00 60:00 0:000:00
Extra Forwards
Normal PowerPlayPenalty Kill
Derek Stepan, Anthony Duclair, Robby FabbriDerek Stepan, Anthony DuclairDerek Stepan
Extra Defensemen
Normal PowerPlayPenalty Kill
Cal Foote, Jordan Oesterle, Haydn FleuryCal Foote, Cal FooteJordan Oesterle
Penalty Shots
Tom Wilson, Ryan Donato, Ilya Mikheyev, Gabriel Vilardi, Derek Stepan
Goalie
Ville Husso, Jet Greaves
Scratches
Sean Couturier (Healthy), Carey Price (Healthy)


Play-by-Play

1st period


0:01 of 1st period - Jamie Benn wins face-off versus Ryan Donato in neutral zone.
0:04 of 1st period - Wrist shot by Joe Pavelski.
0:04 of 1st period - Stopped by Ville Husso with a rebound.
0:17 of 1st period - Icing by Kris Letang.
0:18 of 1st period - Jamie Benn wins face-off versus Gabriel Vilardi in Stars zone.
0:27 of 1st period - Slapshot by Jamie Benn.
0:27 of 1st period - Deflect By Joe Pavelski.
0:27 of 1st period - Stopped by Ville Husso without a rebound.
0:28 of 1st period - Jordan Staal wins face-off versus Anthony Duclair in Kings zone.
0:35 of 1st period - Wrist shot by Jordan Martinook.
0:35 of 1st period - Shot Misses the Net.
0:37 of 1st period - Snap shot by Jordan Martinook.
0:37 of 1st period - Deflect By Jordan Staal.
0:37 of 1st period - Shot Misses the Net.
0:37 of 1st period - Puck is out of play.
0:38 of 1st period - Colin Blackwell wins face-off versus Jordan Staal in Kings zone.
0:44 of 1st period - Off-side.
0:45 of 1st period - Evgenii Dadonov wins face-off versus Colin Blackwell in neutral zone.
1:19 of 1st period - Wrist shot by Conor Sheary.
1:19 of 1st period - Stopped by Ville Husso without a rebound.
1:20 of 1st period - Tyson Jost wins face-off versus Gabriel Vilardi in Kings zone.
1:56 of 1st period - Wrist shot by Jamie Benn.
1:56 of 1st period - Shot Misses the Net.
2:20 of 1st period - Snap shot by Robby Fabbri.
2:20 of 1st period - Stopped by Philipp Grubauer without a rebound.
2:21 of 1st period - Gabriel Vilardi wins face-off versus Jordan Martinook in Stars zone.
2:36 of 1st period - Slapshot by Jordan Martinook.
2:36 of 1st period - Stopped by Ville Husso without a rebound.
2:37 of 1st period - Ryan Donato wins face-off versus Calle Jarnkrok in Kings zone.
2:46 of 1st period - Wrist shot by Tom Wilson.
2:46 of 1st period - Stopped by Philipp Grubauer with a rebound.
2:48 of 1st period - Slapshot by Cal Foote.
2:48 of 1st period - Stopped by Philipp Grubauer without a rebound.
2:49 of 1st period - Jordan Staal wins face-off versus Ryan Donato in Stars zone.
3:16 of 1st period - Evgenii Dadonov is hit by Colin Blackwell and loses puck.
3:23 of 1st period - Matt Dumba is hit by Nick Bjugstad and loses puck.
4:13 of 1st period - Wrist shot by Gabriel Vilardi.
4:13 of 1st period - Stopped by Philipp Grubauer without a rebound.
4:14 of 1st period - Ryan Donato wins face-off versus Nick Bjugstad in Stars zone.
4:17 of 1st period - Snap shot by Ilya Mikheyev.
4:17 of 1st period - Shot Blocked by Evgenii Dadonov.
4:41 of 1st period - Sean Durzi is hit by Jamie Benn and loses puck.
6:06 of 1st period - Wrist shot by Dmitry Kulikov.
6:06 of 1st period - Stopped by Ville Husso with a rebound.
6:08 of 1st period - Snap shot by Jaycob Megna.
6:08 of 1st period - Shot Misses the Net.
6:10 of 1st period - Snap shot by Jordan Martinook.
6:10 of 1st period - Stopped by Ville Husso without a rebound.
6:11 of 1st period - Nick Bjugstad wins face-off versus Ryan Donato in Kings zone.
7:06 of 1st period - Slapshot by Joe Pavelski.
7:06 of 1st period - Deflect By Jamie Benn.
7:06 of 1st period - Stopped by Ville Husso with a rebound.
7:28 of 1st period - Snap shot by Robby Fabbri.
7:28 of 1st period - Shot Misses the Net.
8:04 of 1st period - Ilya Mikheyev is hit by Kris Letang and loses puck.
8:13 of 1st period - Jaycob Megna is hit by Tom Wilson and loses puck.
8:26 of 1st period - Wrist shot by Conor Sheary.
8:26 of 1st period - Stopped by Ville Husso without a rebound.
8:27 of 1st period - Jordan Staal wins face-off versus Anthony Duclair in Kings zone.
8:39 of 1st period - Off-side.
8:40 of 1st period - Gabriel Vilardi wins face-off versus Jamie Benn in neutral zone.
8:43 of 1st period - Snap shot by Derek Stepan.
8:43 of 1st period - Stopped by Philipp Grubauer with a rebound.
8:55 of 1st period - Derek Stepan is hit by Jamie Benn.
9:04 of 1st period - Icing by Kris Letang.
9:05 of 1st period - Colin Blackwell wins face-off versus Calle Jarnkrok in Stars zone.
9:14 of 1st period - Slapshot by Ryan Donato.
9:14 of 1st period - Shot Misses the Net.
9:16 of 1st period - Wrist shot by Tom Wilson.
9:16 of 1st period - Stopped by Philipp Grubauer without a rebound.
9:17 of 1st period - Jordan Staal wins face-off versus Ryan Donato in Stars zone.
9:17 of 1st period - Jordan Staal is hit by Ryan Donato.
9:26 of 1st period - Snap shot by Ryan Donato.
9:26 of 1st period - Stopped by Philipp Grubauer without a rebound.
9:27 of 1st period - Jordan Staal wins face-off versus Ryan Donato in Stars zone.
9:59 of 1st period - Snap shot by Ryan Donato.
9:59 of 1st period - Stopped by Philipp Grubauer without a rebound.
10:00 of 1st period - Gabriel Vilardi wins face-off versus Jamie Benn in Stars zone.
10:17 of 1st period - Snap shot by Calle Jarnkrok.
10:17 of 1st period - Shot Blocked by Josh Mahura.
10:35 of 1st period - Slapshot by Philip Tomasino.
10:35 of 1st period - Stopped by Philipp Grubauer with a rebound.
10:49 of 1st period - Slapshot by Shayne Gostisbehere.
10:49 of 1st period - Shot Misses the Net.
10:57 of 1st period - Snap shot by Tyson Jost.
10:57 of 1st period - Shot Misses the Net.
11:09 of 1st period - Slapshot by Robby Fabbri.
11:09 of 1st period - Stopped by Philipp Grubauer without a rebound.
11:10 of 1st period - Jamie Benn wins face-off versus Vinnie Hinostroza in Stars zone.
11:10 of 1st period - Jamie Benn is hit by Matt Dumba.
11:38 of 1st period - Slapshot by Sean Durzi.
11:38 of 1st period - Shot Misses the Net.
12:17 of 1st period - Icing by Jamie Benn.
12:18 of 1st period - Jamie Benn wins face-off versus Ryan Donato in Stars zone.
12:18 of 1st period - Jamie Benn is hit by Tom Wilson.
13:05 of 1st period - Slapshot by Josh Mahura.
13:05 of 1st period - Stopped by Philipp Grubauer with a rebound.
13:07 of 1st period - Slapshot by Josh Mahura.
13:07 of 1st period - Shot Blocked by Ryan Suter.
13:09 of 1st period - Snap shot by Liam O'Brien.
13:09 of 1st period - Deflect By Philip Tomasino.
13:09 of 1st period - Stopped by Philipp Grubauer with a rebound.
13:31 of 1st period - Wrist shot by Gabriel Vilardi.
13:31 of 1st period - Shot Misses the Net.
14:11 of 1st period - Slapshot by Gabriel Vilardi.
14:11 of 1st period - Deflect By Anthony Duclair.
14:11 of 1st period - Shot Misses the Net.
14:11 of 1st period - Puck is out of play.
14:12 of 1st period - Tyson Jost wins face-off versus Gabriel Vilardi in Stars zone.
14:29 of 1st period - Icing by Dmitry Kulikov.
14:30 of 1st period - Ryan Donato wins face-off versus Tyson Jost in Stars zone.
14:31 of 1st period - Slapshot by Ilya Mikheyev.
14:31 of 1st period - Stopped by Philipp Grubauer with a rebound.
14:33 of 1st period - Snap shot by Sean Durzi.
14:33 of 1st period - Shot Blocked by Nick Bonino.
14:35 of 1st period - Wrist shot by Matt Dumba.
14:35 of 1st period - Stopped by Philipp Grubauer with a rebound.
14:37 of 1st period - Slapshot by Ryan Donato.
14:37 of 1st period - Shot Blocked by Nick Bonino.
14:45 of 1st period - Wrist shot by Tom Wilson.
14:45 of 1st period - Stopped by Philipp Grubauer with a rebound.
14:47 of 1st period - Wrist shot by Ilya Mikheyev.
14:47 of 1st period - Stopped by Philipp Grubauer with a rebound.
15:08 of 1st period - Minor Penalty to Gabriel Vilardi for Goalie Interference.
15:09 of 1st period - Jamie Benn wins face-off versus Ryan Donato in Kings zone.
15:19 of 1st period - Backhand shot by Joe Pavelski.
15:19 of 1st period - Stopped by Ville Husso with a rebound.
15:36 of 1st period - Icing by Conor Sheary.
15:37 of 1st period - Ilya Mikheyev wins face-off versus Jordan Staal in Stars zone.
15:44 of 1st period - Slapshot by Kris Letang.
15:44 of 1st period - Deflect By Nick Bjugstad.
15:44 of 1st period - Shot Misses the Net.
15:44 of 1st period - Puck is out of play.
15:45 of 1st period - Jamie Benn wins face-off versus Ryan Donato in Kings zone.
15:46 of 1st period - Snap shot by Conor Sheary.
15:46 of 1st period - Deflect By Jamie Benn.
15:46 of 1st period - Goal by Jamie Benn - Stars : 1 - Kings : 0.
15:47 of 1st period - Ryan Donato wins face-off versus Jordan Martinook in neutral zone.
15:58 of 1st period - Wrist shot by Ilya Mikheyev.
15:58 of 1st period - Stopped by Philipp Grubauer with a rebound.
16:00 of 1st period - Slapshot by Sean Durzi.
16:00 of 1st period - Deflect By Ryan Donato.
16:00 of 1st period - Stopped by Philipp Grubauer without a rebound.
16:01 of 1st period - Ryan Donato wins face-off versus Jordan Staal in Stars zone.
16:08 of 1st period - Wrist shot by Ryan Donato.
16:08 of 1st period - Shot Blocked by Mark Giordano.
16:33 of 1st period - Backhand shot by Shayne Gostisbehere.
16:33 of 1st period - Shot Blocked by Matt Dumba.
16:39 of 1st period - Wrist shot by Shayne Gostisbehere.
16:39 of 1st period - Stopped by Ville Husso without a rebound.
16:40 of 1st period - Ryan Donato wins face-off versus Jordan Staal in Kings zone.
16:57 of 1st period - Slapshot by Jordan Staal.
16:57 of 1st period - Stopped by Ville Husso without a rebound.
16:58 of 1st period - Gabriel Vilardi wins face-off versus Jamie Benn in Kings zone.
17:04 of 1st period - Off-side.
17:05 of 1st period - Jamie Benn wins face-off versus Gabriel Vilardi in neutral zone.
17:40 of 1st period - Snap shot by Joe Pavelski.
17:40 of 1st period - Stopped by Ville Husso with a rebound.
17:53 of 1st period - Wrist shot by Jamie Benn.
17:53 of 1st period - Shot Blocked by Derek Stepan.
17:55 of 1st period - Snap shot by Calle Jarnkrok.
17:55 of 1st period - Stopped by Ville Husso with a rebound.
17:57 of 1st period - Wrist shot by Kris Letang.
17:57 of 1st period - Stopped by Ville Husso with a rebound.
18:01 of 1st period - Wrist shot by Calle Jarnkrok.
18:01 of 1st period - Shot Blocked by Sean Durzi.
18:15 of 1st period - Slapshot by Gabriel Vilardi.
18:15 of 1st period - Shot Blocked by Kris Letang.
18:23 of 1st period - Gabriel Vilardi is hit by Kris Letang and loses puck.
19:22 of 1st period - Snap shot by Calle Jarnkrok.
19:22 of 1st period - Shot Misses the Net.
19:32 of 1st period - Snap shot by Joe Pavelski.
19:32 of 1st period - Shot Blocked by Anthony Duclair.
19:34 of 1st period - Snap shot by Kris Letang.
19:34 of 1st period - Shot Misses the Net.
19:46 of 1st period - Kris Letang is hit by Sean Durzi and loses puck.
Goals for this period are 1 for Stars vs 0 for Kings.
Shots for this period are 15 for Stars vs 18 for Kings.

2nd period


0:01 of 2nd period - Jordan Staal wins face-off versus Tom Wilson in neutral zone.
0:06 of 2nd period - Backhand shot by Shayne Gostisbehere.
0:06 of 2nd period - Shot Misses the Net.
0:46 of 2nd period - Off-side.
0:47 of 2nd period - Derek Stepan wins face-off versus Jamie Benn in neutral zone.
1:14 of 2nd period - Tom Wilson is hit by Jordan Staal and loses puck.
1:41 of 2nd period - Snap shot by Evgenii Dadonov.
1:41 of 2nd period - Shot Misses the Net.
1:47 of 2nd period - Snap shot by Colin Blackwell.
1:47 of 2nd period - Stopped by Philipp Grubauer without a rebound.
1:48 of 2nd period - Jordan Staal wins face-off versus Gabriel Vilardi in Stars zone.
1:54 of 2nd period - Minor Penalty to Matt Dumba for Hooking.
1:55 of 2nd period - Jamie Benn wins face-off versus Ryan Donato in Kings zone.
2:06 of 2nd period - Wrist shot by Conor Sheary.
2:06 of 2nd period - Goal by Conor Sheary - Stars : 2 - Kings : 0.
2:07 of 2nd period - Jordan Staal wins face-off versus Ryan Donato in neutral zone.
2:14 of 2nd period - Matt Dumba is hit by Jordan Martinook and loses puck.
2:33 of 2nd period - Jaycob Megna is hit by Liam O'Brien and loses puck.
2:38 of 2nd period - Wrist shot by Philip Tomasino.
2:38 of 2nd period - Stopped by Philipp Grubauer with a rebound.
2:40 of 2nd period - Snap shot by Philip Tomasino.
2:40 of 2nd period - Stopped by Philipp Grubauer without a rebound.
2:41 of 2nd period - Jordan Staal wins face-off versus Liam O'Brien in Stars zone.
4:07 of 2nd period - Sean Durzi is hit by Jamie Benn and loses puck.
4:20 of 2nd period - Slapshot by Sean Durzi.
4:20 of 2nd period - Stopped by Philipp Grubauer without a rebound.
4:21 of 2nd period - Ryan Donato wins face-off versus Conor Sheary in Stars zone.
4:38 of 2nd period - Wrist shot by Jordan Staal.
4:38 of 2nd period - Shot Blocked by Josh Mahura.
4:44 of 2nd period - Minor Penalty to Cal Foote for Hooking.
4:45 of 2nd period - Jamie Benn wins face-off versus Ryan Donato in Kings zone.
4:48 of 2nd period - Slapshot by Jamie Benn.
4:48 of 2nd period - Shot Misses the Net.
4:50 of 2nd period - Wrist shot by Jamie Benn.
4:50 of 2nd period - Shot Misses the Net.
5:00 of 2nd period - Backhand shot by Jamie Benn.
5:00 of 2nd period - Deflect By Joe Pavelski.
5:00 of 2nd period - Stopped by Ville Husso without a rebound.
5:01 of 2nd period - Nick Bjugstad wins face-off versus Ryan Donato in Kings zone.
6:44 of 2nd period - Penalty to Cal Foote is over, Cal Foote is back on ice.
7:08 of 2nd period - Snap shot by Robby Fabbri.
7:08 of 2nd period - Shot Misses the Net.
7:10 of 2nd period - Backhand shot by Jujhar Khaira.
7:10 of 2nd period - Stopped by Philipp Grubauer with a rebound.
7:26 of 2nd period - Nick Bonino is hit by Cal Foote and loses puck.
7:51 of 2nd period - Snap shot by Calle Jarnkrok.
7:51 of 2nd period - Stopped by Ville Husso with a rebound.
8:25 of 2nd period - Shayne Gostisbehere is hit by Gabriel Vilardi and loses puck.
9:52 of 2nd period - Dmitry Kulikov is hit by Colin Blackwell and loses puck.
10:01 of 2nd period - Jordan Martinook is hit by Sean Durzi.
10:21 of 2nd period - Minor Penalty to Haydn Fleury for Hooking.
10:22 of 2nd period - Jamie Benn wins face-off versus Ryan Donato in Kings zone.
10:23 of 2nd period - Snap shot by Joe Pavelski.
10:23 of 2nd period - Stopped by Ville Husso with a rebound.
10:25 of 2nd period - Snap shot by Jamie Benn.
10:25 of 2nd period - Stopped by Ville Husso without a rebound.
10:26 of 2nd period - Jamie Benn wins face-off versus Ryan Donato in Kings zone.
10:29 of 2nd period - Snap shot by Joe Pavelski.
10:29 of 2nd period - Stopped by Ville Husso with a rebound.
10:31 of 2nd period - Snap shot by Jamie Benn.
10:31 of 2nd period - Shot Blocked by Sean Durzi.
10:33 of 2nd period - Wrist shot by Joe Pavelski.
10:33 of 2nd period - Stopped by Ville Husso without a rebound.
10:34 of 2nd period - Jamie Benn wins face-off versus Ryan Donato in Kings zone.
11:08 of 2nd period - Off-side.
11:09 of 2nd period - Conor Sheary wins face-off versus Gabriel Vilardi in neutral zone.
11:19 of 2nd period - Snap shot by Conor Sheary.
11:19 of 2nd period - Stopped by Ville Husso with a rebound.
11:21 of 2nd period - Snap shot by Jamie Benn.
11:21 of 2nd period - Stopped by Ville Husso with a rebound.
11:23 of 2nd period - Wrist shot by Kris Letang.
11:23 of 2nd period - Shot Blocked by Anthony Duclair.
11:25 of 2nd period - Slapshot by Mark Giordano.
11:25 of 2nd period - Stopped by Ville Husso with a rebound.
11:35 of 2nd period - Cal Foote is hit by Nick Bjugstad and loses puck.
11:40 of 2nd period - Snap shot by Jordan Staal.
11:40 of 2nd period - Shot Blocked by Ryan Donato.
12:21 of 2nd period - Penalty to Haydn Fleury is over, Haydn Fleury is back on ice.
12:25 of 2nd period - Philip Tomasino is hit by Jordan Martinook and loses puck.
12:30 of 2nd period - Matt Dumba is hit by Jordan Martinook and loses puck.
13:18 of 2nd period - Backhand shot by Colin Blackwell.
13:18 of 2nd period - Stopped by Philipp Grubauer with a rebound.
13:32 of 2nd period - Wrist shot by Ilya Mikheyev.
13:32 of 2nd period - Shot Misses the Net.
14:14 of 2nd period - Shayne Gostisbehere is hit by Ryan Donato and loses puck.
14:46 of 2nd period - Wrist shot by Jamie Benn.
14:46 of 2nd period - Stopped by Ville Husso with a rebound.
16:19 of 2nd period - Liam O'Brien is hit by Shayne Gostisbehere and loses puck.
16:34 of 2nd period - Snap shot by Jamie Benn.
16:34 of 2nd period - Stopped by Ville Husso without a rebound.
16:35 of 2nd period - Robby Fabbri wins face-off versus Jamie Benn in Kings zone.
16:42 of 2nd period - Wrist shot by Robby Fabbri.
16:42 of 2nd period - Stopped by Philipp Grubauer with a rebound.
16:44 of 2nd period - Slapshot by Haydn Fleury.
16:44 of 2nd period - Shot Misses the Net.
17:02 of 2nd period - Evgenii Dadonov is hit by Derek Stepan and loses puck.
17:49 of 2nd period - Vinnie Hinostroza is hit by Jamie Benn and loses puck.
19:31 of 2nd period - Philip Tomasino is hit by Jordan Staal and loses puck.
19:52 of 2nd period - Cal Foote is hit by Tyson Jost and loses puck.
Goals for this period are 1 for Stars vs 0 for Kings.
Shots for this period are 12 for Stars vs 7 for Kings.

3rd period


0:01 of 3rd period - Ryan Donato wins face-off versus Jordan Staal in neutral zone.
0:30 of 3rd period - Wrist shot by Derek Stepan.
0:30 of 3rd period - Stopped by Philipp Grubauer without a rebound.
0:31 of 3rd period - Joe Pavelski wins face-off versus Gabriel Vilardi in Stars zone.
0:31 of 3rd period - Joe Pavelski is hit by Cal Foote.
0:55 of 3rd period - Joe Pavelski is hit by Cal Foote and loses puck.
1:57 of 3rd period - Slapshot by Gabriel Vilardi.
1:57 of 3rd period - Stopped by Philipp Grubauer with a rebound.
1:59 of 3rd period - Snap shot by Anthony Duclair.
1:59 of 3rd period - Stopped by Philipp Grubauer without a rebound.
2:00 of 3rd period - Ryan Donato wins face-off versus Jordan Staal in Stars zone.
2:20 of 3rd period - Minor Penalty to Cal Foote for Delaying the game.
2:21 of 3rd period - Jordan Staal wins face-off versus Ryan Donato in Kings zone.
3:31 of 3rd period - Jordan Oesterle is hit by Tyson Jost and loses puck.
4:20 of 3rd period - Penalty to Cal Foote is over, Cal Foote is back on ice.
4:24 of 3rd period - Ilya Mikheyev is hit by Joel Armia and loses puck.
4:31 of 3rd period - Snap shot by Jordan Martinook.
4:31 of 3rd period - Stopped by Ville Husso with a rebound.
4:47 of 3rd period - Snap shot by Matt Dumba.
4:47 of 3rd period - Stopped by Philipp Grubauer without a rebound.
4:48 of 3rd period - Robby Fabbri wins face-off versus Tyson Jost in Stars zone.
5:05 of 3rd period - Wrist shot by Jujhar Khaira.
5:05 of 3rd period - Stopped by Philipp Grubauer with a rebound.
5:15 of 3rd period - Snap shot by Robby Fabbri.
5:15 of 3rd period - Shot Blocked by Kris Letang.
5:17 of 3rd period - Wrist shot by Jujhar Khaira.
5:17 of 3rd period - Shot Blocked by Kris Letang.
5:39 of 3rd period - Wrist shot by Evgenii Dadonov.
5:39 of 3rd period - Shot Misses the Net.
5:43 of 3rd period - Snap shot by Evgenii Dadonov.
5:43 of 3rd period - Shot Misses the Net.
5:45 of 3rd period - Wrist shot by Tyson Jost.
5:45 of 3rd period - Deflect By Nick Bonino.
5:45 of 3rd period - Stopped by Ville Husso with a rebound.
5:47 of 3rd period - Slapshot by Kris Letang.
5:47 of 3rd period - Deflect By Matt Dumba.
5:47 of 3rd period - Stopped by Ville Husso without a rebound.
5:48 of 3rd period - Jordan Staal wins face-off versus Ryan Donato in Kings zone.
6:06 of 3rd period - Minor Penalty to Cal Foote for Tripping.
6:07 of 3rd period - Jamie Benn wins face-off versus Ryan Donato in Kings zone.
6:23 of 3rd period - Snap shot by Joe Pavelski.
6:23 of 3rd period - Stopped by Ville Husso with a rebound.
6:38 of 3rd period - Off-side.
6:39 of 3rd period - Gabriel Vilardi wins face-off versus Jordan Staal in neutral zone.
6:41 of 3rd period - Josh Mahura is hit by Calle Jarnkrok and loses puck.
7:53 of 3rd period - Gabriel Vilardi is hit by Jamie Benn and loses puck.
8:06 of 3rd period - Penalty to Cal Foote is over, Cal Foote is back on ice.
9:02 of 3rd period - Snap shot by Colin Blackwell.
9:02 of 3rd period - Goal by Colin Blackwell - Stars : 2 - Kings : 1.
9:03 of 3rd period - Gabriel Vilardi wins face-off versus Jordan Staal in neutral zone.
9:20 of 3rd period - Snap shot by Kris Letang.
9:20 of 3rd period - Stopped by Ville Husso with a rebound.
9:30 of 3rd period - Snap shot by Evgenii Dadonov.
9:30 of 3rd period - Stopped by Ville Husso with a rebound.
9:32 of 3rd period - Slapshot by Nick Bjugstad.
9:32 of 3rd period - Deflect By Evgenii Dadonov.
9:32 of 3rd period - Stopped by Ville Husso with a rebound.
9:34 of 3rd period - Wrist shot by Nick Bonino.
9:34 of 3rd period - Shot Blocked by Sean Durzi.
9:40 of 3rd period - Snap shot by Dmitry Kulikov.
9:40 of 3rd period - Stopped by Ville Husso without a rebound.
9:41 of 3rd period - Jordan Staal wins face-off versus Colin Blackwell in Kings zone.
9:58 of 3rd period - Snap shot by Conor Sheary.
9:58 of 3rd period - Goal by Conor Sheary - Stars : 3 - Kings : 1.
9:59 of 3rd period - Ryan Donato wins face-off versus Jordan Staal in neutral zone.
10:14 of 3rd period - Snap shot by Ryan Donato.
10:14 of 3rd period - Shot Misses the Net.
10:16 of 3rd period - Slapshot by Sean Durzi.
10:16 of 3rd period - Deflect By Ilya Mikheyev.
10:16 of 3rd period - Shot Misses the Net.
10:16 of 3rd period - Puck is out of play.
10:17 of 3rd period - Jamie Benn wins face-off versus Gabriel Vilardi in Stars zone.
10:22 of 3rd period - Snap shot by Joe Pavelski.
10:22 of 3rd period - Shot Misses the Net.
10:24 of 3rd period - Slapshot by Jamie Benn.
10:24 of 3rd period - Shot Misses the Net.
10:32 of 3rd period - Wrist shot by Jamie Benn.
10:32 of 3rd period - Shot Misses the Net.
10:34 of 3rd period - Slapshot by Jamie Benn.
10:34 of 3rd period - Stopped by Ville Husso without a rebound.
10:35 of 3rd period - Jordan Staal wins face-off versus Ryan Donato in Kings zone.
10:37 of 3rd period - Tom Wilson beats up Jordan Martinook.
10:37 of 3rd period - Penalty to Tom Wilson for Fighting.
10:37 of 3rd period - Penalty to Jordan Martinook for Fighting.
10:38 of 3rd period - Jordan Staal wins face-off versus Ilya Mikheyev in Kings zone.
11:14 of 3rd period - Snap shot by Evgenii Dadonov.
11:14 of 3rd period - Stopped by Ville Husso with a rebound.
11:58 of 3rd period - Icing by Conor Sheary.
11:59 of 3rd period - Jordan Staal wins face-off versus Ryan Donato in Stars zone.
11:59 of 3rd period - Jordan Staal is hit by Ryan Donato.
12:15 of 3rd period - Dmitry Kulikov is hit by Ryan Donato and loses puck.
12:31 of 3rd period - Wrist shot by Dmitry Kulikov.
12:31 of 3rd period - Shot Blocked by Cal Foote.
12:33 of 3rd period - Wrist shot by Calle Jarnkrok.
12:33 of 3rd period - Stopped by Ville Husso without a rebound.
12:34 of 3rd period - Jamie Benn wins face-off versus Ryan Donato in Kings zone.
13:08 of 3rd period - Snap shot by Colin Blackwell.
13:08 of 3rd period - Stopped by Philipp Grubauer without a rebound.
13:09 of 3rd period - Jordan Staal wins face-off versus Derek Stepan in Stars zone.
13:20 of 3rd period - Wrist shot by Calle Jarnkrok.
13:20 of 3rd period - Shot Blocked by Cal Foote.
13:22 of 3rd period - Slapshot by Ryan Suter.
13:22 of 3rd period - Shot Misses the Net.
13:34 of 3rd period - Wrist shot by Colin Blackwell.
13:34 of 3rd period - Shot Blocked by Evgenii Dadonov.
13:36 of 3rd period - Snap shot by Liam O'Brien.
13:36 of 3rd period - Shot Misses the Net.
13:38 of 3rd period - Snap shot by Liam O'Brien.
13:38 of 3rd period - Deflect By Colin Blackwell.
13:38 of 3rd period - Shot Blocked by Evgenii Dadonov.
13:38 of 3rd period - Puck is out of play.
13:39 of 3rd period - Jordan Staal wins face-off versus Ryan Donato in Stars zone.
13:54 of 3rd period - Sean Durzi is hit by Calle Jarnkrok and loses puck.
14:13 of 3rd period - Evgenii Dadonov is hit by Matt Dumba and loses puck.
14:30 of 3rd period - Shayne Gostisbehere is hit by Vinnie Hinostroza and loses puck.
14:53 of 3rd period - Wrist shot by Shayne Gostisbehere.
14:53 of 3rd period - Deflect By Calle Jarnkrok.
14:53 of 3rd period - Stopped by Ville Husso with a rebound.
15:07 of 3rd period - Slapshot by Gabriel Vilardi.
15:07 of 3rd period - Shot Misses the Net.
15:09 of 3rd period - Snap shot by Josh Mahura.
15:09 of 3rd period - Stopped by Philipp Grubauer with a rebound.
15:11 of 3rd period - Snap shot by Derek Stepan.
15:11 of 3rd period - Stopped by Philipp Grubauer without a rebound.
15:12 of 3rd period - Gabriel Vilardi wins face-off versus Jordan Staal in Stars zone.
15:33 of 3rd period - Snap shot by Philip Tomasino.
15:33 of 3rd period - Stopped by Philipp Grubauer without a rebound.
15:34 of 3rd period - Jamie Benn wins face-off versus Colin Blackwell in Stars zone.
15:52 of 3rd period - Liam O'Brien is hit by Jamie Benn and loses puck.
16:11 of 3rd period - Wrist shot by Nick Bjugstad.
16:11 of 3rd period - Stopped by Ville Husso with a rebound.
16:23 of 3rd period - Ryan Suter is hit by Anthony Duclair and loses puck.
16:32 of 3rd period - Wrist shot by Jordan Martinook.
16:32 of 3rd period - Shot Blocked by Gabriel Vilardi.
16:34 of 3rd period - Snap shot by Ryan Suter.
16:34 of 3rd period - Shot Blocked by Cal Foote.
17:20 of 3rd period - Snap shot by Nick Bjugstad.
17:20 of 3rd period - Stopped by Ville Husso without a rebound.
17:21 of 3rd period - Gabriel Vilardi wins face-off versus Jamie Benn in Kings zone.
17:41 of 3rd period - Minor Penalty to Tom Wilson for Roughing.
17:42 of 3rd period - Conor Sheary wins face-off versus Ryan Donato in Kings zone.
17:52 of 3rd period - Snap shot by Jamie Benn.
17:52 of 3rd period - Stopped by Ville Husso with a rebound.
18:08 of 3rd period - Shayne Gostisbehere is hit by Matt Dumba and loses puck.
19:41 of 3rd period - Penalty to Tom Wilson is over, Tom Wilson is back on ice.
19:57 of 3rd period - Snap shot by Dmitry Kulikov.
19:57 of 3rd period - Deflect By Joel Armia.
19:57 of 3rd period - Shot Blocked by Haydn Fleury.
19:57 of 3rd period - Puck is out of play.
19:58 of 3rd period - Jamie Benn wins face-off versus Anthony Duclair in Kings zone.
Goals for this period are 1 for Stars vs 1 for Kings.
Shots for this period are 16 for Stars vs 10 for Kings.